 Dungeon Crawl Stone Soup version 0.30-a0-1112-gfb780f5df6 (webtiles) character file.

Game seed: 17483182377510393635

171 holysushi the Cutter (level 5, -4/41 HPs)
             Began as a Demonspawn Monk on Apr 18, 2023.
             Slain by Grinder (9 damage)
             ... while paralysed by Grinder
             ... on level 3 of the Dungeon on Apr 20, 2023.
             The game lasted 00:04:05 (2160 turns).

holysushi the Cutter (Demonspawn Monk)              Turns: 2160, Time: 00:04:06

Health: -4/41      AC:  2    Str: 17    XL:     5   Next: 26%
Magic:  8/8        EV:  2    Int: 11    God:
Gold:   110        SH:  0    Dex: 18    Spells: 5/8 levels left

rFire   . . .      SeeInvis .    o - +2 dagger (protect)
rCold   . . .      Faith    .    d - orb {light}
rNeg    . . .      Spirit   .    b - +0 robe
rPois   .          Reflect  .    (no helmet)
rElec   .          Rampage  .    (no cloak)
rCorr   .                        (no gloves)
Will    .....                    (no boots)
Stlth   +                        (no amulet)
HPRegen 0.26/turn                g - +6 ring of strength
MPRegen 0.11/turn                (no ring)

@: paralysed, very slightly contaminated, slowed, glowing
A: demonic magic 2
a: no special abilities


You were on level 3 of the Dungeon.
You visited 1 branch of the dungeon, and saw 3 of its levels.

You collected 110 gold pieces.

Inventory:

Hand Weapons
 a - a +0 short sword
 o - a +2 dagger of protection (weapon)
Armour
 b - a +0 robe (worn)
 d - an orb of light (worn)
 t - an orb of energy
Jewellery
 g - a +6 ring of strength (left hand)
 n - a +6 ring of strength
 r - an amulet of regeneration
Scrolls
 f - a scroll of blinking {unknown}
 h - 2 scrolls of identify {unknown}
 i - 2 scrolls of silence {unknown}
 k - 2 scrolls of fog {unknown}
 l - a scroll of vulnerability {unknown}
 s - a scroll of poison {unknown}
Potions
 j - 2 potions of curing {unknown}
 m - a potion of heal wounds {unknown}
 p - a potion of lignification {unknown}
 q - a potion of attraction {unknown}
 u - a potion of mutation {unknown}


   Skills:
 - Level 3.0 Fighting
 + Level 4.6 Short Blades
 - Level 2.6 Dodging
 - Level 2.0 Spellcasting
 + Level 1.6 Hexes


You had 5 spell levels left.
You knew the following spells:

 Your Spells              Type           Power      Damage    Failure   Level
a - Tukima's Dance        Hex            4%         N/A       41%         3

Your spell library contained the following spells:

 Spells                   Type           Power      Damage    Failure   Level
 Portal Projectile        Hex/Tloc       4%         N/A       54%         3
 Summon Guardian Golem    Hex/Summ       2%         N/A       54%         3
 Vhi's Electric Charge    Tloc/Air       2%         N/A       65%         3
 Arcjolt                  Conj/Air       0%         1d10      100%        5
 Blade Hands              Tmut           0%         N/A       100%        5
 Plasma Beam              Fire/Air       0%         2x1d11    100%        6
 Orb of Destruction       Conj           0%         9d5       100%        7
 Spellforged Servitor     Conj/Summ      0%         N/A       100%        7


Dungeon Overview and Level Annotations

Branches:
Dungeon (3/15) Zot: 15874

Altars:

Annotations:
D:3 Grinder


Innate Abilities, Weirdness & Mutations

Spells you cast may paralyse nearby enemies.


Message History

Aiming: Tukima's Dance (quite dangerous; 41% risk of failure)
Press: ? - help, Shift-Dir - straight line, f - Grinder
Aim: Grinder (haloed, not susceptible)
You miscast Tukima's Dance.
You are very lightly contaminated with residual magic.
Nothing appears to happen.
Grinder gestures at you.
You suddenly lose the ability to move!
Grinder hits you.
You writhe in agony.
Grinder hits you!
You writhe in agony.
Grinder hits you but does no damage.
You can move again.
Casting: Tukima's Dance (quite dangerous; 41% risk of failure)
Confirm with . or Enter, or press ? or * to list all spells.
The spell is quite dangerous to miscast (41% risk of failure)!
Continue anyway?
Aiming: Tukima's Dance (quite dangerous; 41% risk of failure)
Press: ? - help, Shift-Dir - straight line, f/p - Grinder
Aim: Grinder (haloed, not susceptible)
You miscast Tukima's Dance.
You feel a bit tired.
You feel yourself slow down.
Grinder says, "FISH!"
Grinder gestures at you.
You shrug off the repeated paralysis!
Unknown command.
Okay, then.
Grinder hits you!
You writhe in agony.
* * * LOW HITPOINT WARNING * * *
You are confused.
You feel invigorated. Grinder gestures at you.
You suddenly lose the ability to move!
Grinder hits you.
You writhe in agony.
* * * LOW HITPOINT WARNING * * *
You feel less invigorated.
You feel less confused. Grinder hits you!
* * * LOW HITPOINT WARNING * * *
You writhe in agony.
* * * LOW HITPOINT WARNING * * *
Grinder hits you!
You die...

.....# #.# #.#
.....###########.#########.#
...........................#
.....### #######.###########
...##### #.# ########
....5..## #.#####......#####
...###..###
#................. ...#
##...## #..####......#####
...######..#####@.# #......#
...............#5.# #......#
..................#
#......#####
..................#
#...........
############......#
#......####. #.......#
####.### #. #.......# #.# #.
#$......# ####.######.
#........ #...........


You could see Grinder.

Vanquished Creatures
  Jessica (D:3)
  Natasha (twice) (D:3)
  An adder (D:3)
  5 worms
  A dart slug (D:2)
  6 orcs (D:3)
  5 endoplasms
  2 giant cockroaches (D:1)
  9 goblins
  2 hobgoblins (D:3)
  5 jackals
  5 kobolds
  2 quokkas
  5 ball pythons
  3 bats
  2 frilled lizards
  5 rats
61 creatures vanquished.

Notes
Turn   | Place    | Note
-------+----------+-------------------------------------------
     0 | D:1      | holysushi the Demonspawn Monk began the quest for the Orb.
     0 | D:1      | Reached XP level 1. HP: 18/18 MP: 1/1
   164 | D:1      | Reached skill level 3 in Short Blades
   173 | D:1      | Gained mutation: Spells you cast may paralyse adjacent
                  | enemies. [demonic ancestry]
   173 | D:1      | Reached XP level 2. HP: 16/24 MP: 2/2
   305 | D:1      | Upgraded the game from 0.30-a0-1094-g860fb061e7 to
                  | 0.30-a0-1112-gfb780f5df6
   857 | D:2      | Gained mutation: Spells you cast may paralyse nearby
                  | enemies. [demonic ancestry]
   857 | D:2      | Reached XP level 3. HP: 15/29 MP: 3/3
  1089 | D:2      | Reached skill level 4 in Short Blades
  1246 | D:3      | Noticed Jessica
  1258 | D:3      | Killed Jessica
  1259 | D:3      | Reached skill level 1 in Spellcasting
  1259 | D:3      | Reached XP level 4. HP: 24/35 MP: 3/5
  1265 | D:3      | Learned a level 3 spell: Tukima's Dance
  1604 | D:3      | Noticed Natasha
  1616 | D:3      | Killed Natasha
  1617 | D:3      | Reached skill level 1 in Hexes
  1661 | D:3      | Reached XP level 5. HP: 31/41 MP: 7/7
  1857 | D:3      | Noticed Grinder
  1865 | D:3      | Paralysed by Grinder for 2 turns
  1887 | D:3      | Paralysed by Grinder for 5 turns
  1930 | D:3      | Noticed Natasha
  1943 | D:3      | Killed Natasha
  2150 | D:3      | Paralysed by Grinder for 4 turns
  2157 | D:3      | Paralysed by Grinder for 5 turns
  2160 | D:3      | Slain by Grinder

Illustrated notes

Levels and vault maps discovered:
D:1:      co_arrival_square_in_a_square_in_a_square, layout_rooms
D:2:      layout_rooms, minmay_box_of_dots
D:3:      layout_basic, uniq_grinder, uniq_jessica, uniq_natasha

Skill      XL: |  1  2  3  4  5 |
---------------+----------------+-----
Short Blades   | 3 4 |  4.6
Spellcasting   | 1 2 |  2.0
Hexes          | 1 |  1.6
Fighting       | |  3.0
Dodging        | |  2.6

Action                     |  1- 3 |  4- 6 || total
---------------------------+-------+-------++-------
  Melee: Short sword       |    72 |       ||    72
         Dagger            |    62 |   128 ||   190
   Cast: Tukima's Dance    |       |     3 ||     3
    Use: Potion            |       |     2 ||     2
         Scroll            |       |     1 ||     1
   Stab: Paralysed         |       |     3 ||     3
 Armour: Robe              |    32 |    33 ||    65
  Dodge: Dodged            |    75 |    54 ||   129

Table legend: (Time is in decaauts)
 A = Elapsed time spent in this place.
 B = Non-inter-level travel time spent in this place.
 C = Inter-level travel time spent in this place.
 D = Time resting spent in this place.
 E = Time spent auto-exploring this place.
 F = Levels seen in this place.
 G = Mean time per level.
                   A        B        C        D        E       F      G
               +--------+--------+--------+--------+--------+-----+--------+
         Total |   2124 |   2106 |     18 |    225 |   1337 |   3 |  708.0 |
       Dungeon |   2124 |   2106 |     18 |    225 |   1337 |   3 |  708.0 |
               +--------+--------+--------+--------+--------+-----+--------+

Top non-repeatable levels by time:
     D:3: 1008 daAuts
     D:2: 560 daAuts
     D:1: 556 daAuts
